Map: Ultralove

Players

TOSSedSalad

  • Race: Zerg Zerg
  • League: Diamond
  • Spawn Location: 1:00

KimChiLoVer - Winner!

  • Race: Terran Terran
  • League: Diamond
  • Spawn Location: 7:00

VOD

Have the link to the VOD?

Description

Time

  • Played on: Sept. 24, 2025, 9:08 p.m.
  • Length: 13:41
Show
View Real Time Build Order
Export as new Build Order

TOSSedSalad Zerg 

Build Orders: Pool First 

Get SALT Encoding   

  12  0:00  Drone  
  13  0:08  Drone  
  14  0:34  Spawning Pool  
  14  0:35  Overlord  
  13  0:38  Drone  
  14  0:53  Drone x2  
  16  0:59  Drone  
  17  1:13  Drone  
  18  1:24  Hatchery  
  17  1:28  Zergling x2  
  17  1:29  Queen  
  17  1:31  Zergling x2  
  21  1:36  Extractor  
  20  1:42  Drone  
  21  1:51  Drone  
  22  2:00  Roach Warren  
  21  2:08  Overlord  
  21  2:13  Overlord  
  21  2:23  Overlord  
  20  2:39  Queen  
  20  2:40  Drone  
  22  2:45  Roach x3  
  22  2:49  Roach  
  30  2:57  Roach  
  32  3:03  Drone x2  
  34  3:11  Drone  
  35  3:17  Drone x3  
  38  3:22  Drone  
  38  3:23  Drone  
  40  3:28  Drone  
  40  3:32  Drone  
  42  3:35  Drone  
  42  3:40  Spine Crawler  
  40  3:57  Drone x4  
  40  4:01  Lair  
  40  4:02  Drone x3  
  47  4:03  Drone  
  47  4:07  Extractor  
  47  4:12  Spine Crawler  
  47  4:14  Drone  
  47  4:18  Drone x2  
  47  4:23  Spore Crawler  
  48  4:25  Spore Crawler  
  47  4:32  Drone  
  47  4:33  Drone x3  
  47  4:34  Overlord  
  51  4:40  Extractor  
  51  4:41  Extractor  
  51  4:44  Spine Crawler  
  48  4:46  Spine Crawler  
  48  4:47  Drone x2  
  48  4:48  Drone  
  50  4:54  Overlord  
  50  4:56  Overlord  
  50  5:03  Spire  
  49  5:09  Baneling Nest  
  49  5:10  Metabolic Boost  
  48  5:18  Spore Crawler  
  47  5:32  Drone  
  47  5:33  Drone x5  
  53  5:38  Glial Reconstitution  
  53  5:40  Zergling x2  
  53  5:41  Zergling x10  
  59  5:47  Zergling x4  
  59  5:48  Zergling x2  
  59  5:49  Zergling x2  
  63  5:55  Centrifugal Hooks  
  63  6:08  Baneling x4  
  63  6:09  Baneling x3  
  63  6:12  Zergling x4  
  63  6:16  Zergling x10  
  63  6:17  Zergling x2  
  71  6:20  Zergling x6  
  74  6:28  Zerg Flyer Weapons Level 1  
  74  6:47  Overlord x3  
  74  6:49  Hatchery  
  74  6:51  Overlord x2  
  73  7:00  Evolution Chamber  
  72  7:02  Evolution Chamber  
  72  7:07  Zergling x2  
  72  7:08  Zergling x8  
  76  7:13  Zergling x6  
  79  7:23  Spore Crawler  
  79  7:26  Spore Crawler  
  76  7:32  Mutalisk x3  
  76  7:34  Mutalisk  
  84  7:40  Overseer  
  84  7:43  Overseer  
  84  7:48  Drone x3  
  87  7:51  Mutalisk  
  87  7:53  Mutalisk  
  91  8:02  Queen  
  93  8:12  Mutalisk  
  93  8:13  Mutalisk  
  97  8:24  Baneling x3  
  97  8:25  Baneling x7  
  97  8:26  Baneling  
  97  8:31  Mutalisk x3  
  103  8:35  Mutalisk  
  105  8:44  Drone x2  
  105  8:48  Mutalisk x2  
  107  8:52  Mutalisk  
  113  9:00  Drone x2  
  115  9:14  Roach x2  
  115  9:15  Roach, Overlord x3  
  121  9:21  Spore Crawler  
  121  9:22  Spine Crawler  
  119  9:28  Spine Crawler  
  53  9:57  Drone x7  
  56  10:08  Zergling x10  
  61  10:16  Zergling x4  
  61  10:17  Zergling x8  
  61  10:20  Infestation Pit  
  66  10:27  Zergling x10  
  71  10:29  Zergling x2  
  71  10:34  Extractor  
  71  10:37  Extractor  
  71  10:40  Baneling x3  
  71  10:41  Baneling x5  
  70  10:43  Baneling x6  
  70  10:44  Baneling x4  
  70  10:51  Zergling x2  
  70  10:52  Zergling x10  
  70  10:55  Zergling x2  
  70  10:56  Zergling x8  
  81  10:57  Hive  
  81  11:09  Drone x5  
  86  11:36  Mutalisk  
  86  11:37  Mutalisk x4  
  96  11:41  Mutalisk x4  
  96  11:44  Mutalisk  
  106  11:47  Mutalisk  
  108  11:58  Mutalisk x3  
  108  12:00  Mutalisk  
  116  12:04  Mutalisk  
  118  12:10  Overseer  
  118  12:27  Greater Spire  
  118  12:29  Zergling x8  
  123  12:30  Zergling x2  
  123  12:33  Zergling x10  
  127  12:42  Zergling x4  
  127  12:43  Overlord x3  
  127  12:44  Overlord  
  87  13:11  Overlord  
  83  13:19  Zergling x10  
Show
View Real Time Build Order
Export as new Build Order

KimChiLoVer Terran - Winner!

Build Orders: Reaper Expand, Mech 

Get SALT Encoding   

  12  0:00  SCV  
  13  0:12  SCV  
  14  0:17  Supply Depot  
  14  0:25  SCV  
  15  0:38  SCV  
  15  0:40  Barracks  
  16  0:47  Refinery  
  16  0:50  SCV  
  17  1:02  SCV  
  18  1:15  SCV  
  19  1:30  Orbital Command  
  19  1:31  Reaper  
  20  1:50  Supply Depot, Command Center  
  20  2:03  Marine  
  20  2:08  SCV  
  20  2:14  Factory  
  21  2:21  Marine, SCV  
  23  2:39  Marine  
  23  2:44  SCV  
  24  2:49  Command Center  
  24  2:56  SCV  
  25  3:04  Bunker  
  25  3:06  Hellion  
  25  3:08  SCV  
  25  3:10  Orbital Command  
  25  3:11  Barracks Reactor  
  28  3:20  SCV  
  28  3:23  Starport  
  29  3:31  Hellion  
  29  3:32  SCV  
  32  3:35  Refinery  
  32  3:37  SCV  
  33  3:45  SCV  
  34  3:58  SCV  
  35  4:04  Liberator  
  35  4:08  Factory Tech Lab  
  38  4:10  Supply Depot, SCV  
  38  4:16  SCV  
  38  4:17  Orbital Command  
  40  4:21  Marine x2  
  40  4:23  SCV  
  43  4:32  Factory  
  43  4:35  SCV x2  
  45  4:40  Supply Depot  
  45  4:41  Refinery  
  48  4:47  Siege Tank, SCV  
  49  4:59  SCV  
  50  5:01  Starport Tech Lab  
  50  5:11  Factory, SCV  
  50  5:12  Refinery  
  51  5:18  Supply Depot  
  51  5:23  SCV  
  51  5:24  Command Center  
  51  5:26  Banshee  
  52  5:35  SCV  
  53  5:41  SCV  
  55  5:42  SCV  
  55  5:47  SCV  
  55  5:48  Factory Tech Lab  
  56  5:52  Armory x2  
  56  5:53  SCV  
  56  5:55  SCV  
  58  5:57  Supply Depot  
  58  5:59  SCV  
  58  6:00  Engineering Bay  
  58  6:03  Supply Depot  
  59  6:04  Supply Depot  
  59  6:07  SCV x2  
  59  6:10  Siege Tank  
  64  6:11  SCV  
  64  6:14  Hellion  
  67  6:19  SCV  
  67  6:24  SCV  
  69  6:32  SCV x2  
  71  6:36  SCV  
  71  6:38  Missile Turret x2  
  72  6:43  Missile Turret  
  72  6:46  Missile Turret  
  72  6:48  SCV  
  72  6:50  Missile Turret x2  
  73  6:54  Terran Vehicle Weapons Level 1, Missile Turret, Terran Vehicle And Ship Armor Level 1  
  73  6:56  Thor  
  73  6:58  Orbital Command  
  73  6:59  SCV  
  73  7:00  SCV  
  81  7:05  Orbital Command  
  81  7:08  Missile Turret  
  81  7:12  SCV  
  82  7:24  SCV  
  82  7:25  Thor  
  82  7:26  Refinery  
  82  7:28  Banshee  
  92  7:31  SCV  
  92  7:32  Missile Turret  
  92  7:36  SCV x3  
  96  7:39  Thor  
  96  7:43  SCV  
  103  7:47  Widow Mine  
  103  7:49  Missile Turret  
  105  7:51  Missile Turret  
  105  7:54  Factory  
  105  7:55  SCV  
  105  7:56  SCV  
  105  7:57  Factory  
  107  8:02  Missile Turret  
  107  8:03  Refinery  
  107  8:08  SCV  
  107  8:10  Banshee  
  111  8:15  Smart Servos  
  111  8:16  Drilling Claws  
  111  8:20  SCV  
  112  8:27  Command Center  
  112  8:30  Command Center  
  112  8:31  Siege Tank x2  
  112  8:32  SCV  
  112  8:33  Widow Mine x2  
  123  8:38  Supply Depot  
  123  8:39  Supply Depot  
  123  8:43  Supply Depot, Factory Tech Lab x2  
  123  8:44  SCV  
  124  9:00  Widow Mine x2, SCV x2  
  130  9:12  SCV  
  131  9:21  Refinery  
  131  9:22  Missile Turret  
  131  9:23  Missile Turret  
  131  9:26  Missile Turret  
  131  9:34  Infernal Pre-Igniter  
  115  9:48  Thor x3, Hellion x2  
  115  9:49  Widow Mine  
  139  9:57  Planetary Fortress  
  139  9:59  Refinery  
  139  10:05  Mag-Field Accelerator  
  139  10:10  Widow Mine x2  
  139  10:11  Factory  
  139  10:13  Factory  
  143  10:15  Factory  
  143  10:17  Command Center  
  143  10:21  Planetary Fortress  
  143  10:25  SCV  
  143  10:26  SCV x2  
  146  10:39  Missile Turret  
  146  10:41  Missile Turret  
  146  11:05  Terran Vehicle Weapons Level 2, Terran Vehicle And Ship Armor Level 2  
  146  11:09  Factory Tech Lab  
  146  11:13  Factory Tech Lab  
  146  11:24  Widow Mine x2  
  146  11:25  Hellion x4  
  158  11:29  Factory Tech Lab  
  158  11:34  Planetary Fortress  
  158  11:37  Missile Turret  
  158  11:40  Missile Turret  
  158  11:45  Hellion  
  158  11:46  Hellion, Cyclone x4  
  174  11:53  Siege Tank x3  
  183  11:58  Supply Depot  
  183  11:59  Supply Depot, Hi-Sec Auto Tracking  
  183  12:07  Widow Mine, Hellion  
  187  12:14  Command Center  
  187  12:18  Cyclone x2  
  187  12:19  Cyclone  
  187  12:20  Cyclone  
  198  12:44  Raven  
Tags
 
Composition
Mech
Matchup
TvZ
Spawn Locations
Cross Positions
Add a new tag
Caveats
  • Supply blocks, unpowered buildings, or Contaminate may cause inaccurate times.
  • Supply counts are checked every 10 seconds.